 Dungeon Crawl Stone Soup version 0.31-a0-233-g139696dc86 (webtiles) character file.

Game seed: 2008582758142041652

9385 Shard1697 the Fighter (level 11, -2/106 (113) HPs)
             Began as an Armataur Fighter on July 7, 2023.
             Was a Believer of Ashenzari.
             Killed by nerve-wracking pain
             ... invoked by a shadow imp
             ... summoned by an obsidian statue
              (4 damage)
             ... on level 9 of the Dungeon.
             The game lasted 00:17:27 (9551 turns).

Shard1697 the Fighter (Armataur Fighter)            Turns: 9551, Time: 00:17:28

HP:   -2/106 (113)  AC: 11    Str: 24    XL:     11   Next: 22%
MP:   11/11         EV:  8    Int:  8    God:    Ashenzari [**....]
Gold: 470           SH:  5    Dex: 12    Spells: 10/10 levels left

rFire   . . .        a - +2 flail of the Wild Blue Yonder {distort, Alch, Elem} (curse)
rCold   . . .        c - +0 buckler "Lashed Scepticism" {Melee, Elem} (curse)
rNeg    + . .        t - +0 swamp dragon scales
rPois   +            j - +0 helmet of the Fated Inaction {Self, Melee} (curse)
rElec   .            k - +1 cloak of Supernal Knowledge {Fort, Bglg} (curse)
rCorr   .            (no gloves)
SInv    +            (no barding)
Will    .....        v - amulet of the acrobat
Stlth   +            d - ring of positive energy
HPRegen 0.37/turn    (no ring)
MPRegen 0.12/turn

%: acrobat, roll
@: mighty, spiked, mesmerised, drained
A: large, rugged brown scales 3, deformed body, armoured tail, roll, long
tongue, awkward tongue
a: Renounce Religion, Curse Item, Shatter the Chains


You were on level 9 of the Dungeon.
You worshipped Ashenzari.
Ashenzari was pleased with you.
You visited 1 branch of the dungeon, and saw 9 of its levels.
You also visited: Bailey.

You collected 590 gold pieces.
You spent 120 gold pieces at shops.

Inventory:

Hand Weapons
 a - the cursed +2 flail of the Wild Blue Yonder (weapon) {distort, Alch, Elem}
   (You took it off an orc on level 3 of the Dungeon)

   It has a curse which improves the following skills: Alchemy: Poison Magic and
   Transmutations.
   Elements:  Fire Magic, Ice Magic, Air Magic and Earth Magic.
 w - a +1 broad axe of freezing
 x - a +3 flail
Missiles
 z - a curare-tipped dart
Armour
 c - the cursed +0 buckler "Lashed Scepticism" (worn) {Melee, Elem}

   It has a curse which improves the following skills: Melee Combat: Short
   Blades, Long Blades, Axes, Maces & Flails, Polearms, Staves and Unarmed
   Combat.
   Elements:  Fire Magic, Ice Magic, Air Magic and Earth Magic.
 j - the cursed +0 helmet of the Fated Inaction (worn) {Self, Melee}
   (You found it on level 1 of the Dungeon)

   It has a curse which improves the following skills: Introspection: Fighting
   and Spellcasting.
   Melee Combat: Short Blades, Long Blades, Axes, Maces & Flails, Polearms,
   Staves and Unarmed Combat.
 k - the cursed +1 cloak of Supernal Knowledge (worn) {Fort, Bglg}
   (You found it on level 1 of the Dungeon)

   It has a curse which improves the following skills: Fortitude: Armour and
   Shields.
   Beguiling: Conjurations, Hexes and Translocations.
 t - +0 swamp dragon scales (worn)
 A - a +2 buckler of protection
Jewellery
 b - a ring of protection from cold
 d - a ring of positive energy (left hand)
 v - an amulet of the acrobat (around neck)
Wands
 r - a wand of iceblast (6)
 s - a wand of polymorph (15)
 B - a wand of acid (10)
 D - a wand of digging (3)
Scrolls
 f - 6 scrolls of identify
 g - a scroll of immolation
 i - 2 scrolls of fog
 l - 4 scrolls of enchant weapon
 m - 3 scrolls of teleportation
 u - 4 scrolls of revelation
 y - a scroll of enchant armour
Potions
 e - 2 potions of haste
 h - 2 potions of resistance
 n - 2 potions of curing
 o - a potion of might
 p - 4 potions of enlightenment
 q - 2 potions of brilliance
 C - a potion of magic


   Skills:
 + Level 11.7(12.8) Fighting
 + Level 4.0(8.0) Axes
 - Level 9.7(11.8) Maces & Flails
 - Level 3.6(4.6) Armour
 - Level 3.2(4.3) Shields
 + Level 4.9 Evocations


You had 10 spell levels left.
You didn't know any spells.
Your spell library contained the following spells:

 Spells                   Type           Power      Damage    Failure   Level
 Magic Dart               Conj           0%         1d3       58%         1
 Necrotise                Necr           0%         1d4       61%         1
 Blink                    Tloc           0%         N/A       75%         2
 Call Imp                 Summ           0%         N/A       75%         2
 Lesser Beckoning         Tloc           0%         N/A       75%         2
 Momentum Strike          Conj/Tloc      0%         3d8       75%         2
 Mephitic Cloud           Conj/Pois/Air  0%         N/A       91%         3
 Vampiric Draining        Necr           0%         2d6       93%         3
 Agony                    Necr           0%         N/A       100%        5
 Summon Forest            Summ/Tloc      0%         N/A       100%        5
 Eringya's Noxious Bog    Tmut/Pois      0%         4d6       100%        6
 Summon Hydra             Summ           0%         N/A       100%        7


Dungeon Overview and Level Annotations

Branches:
Dungeon (9/15)             Temple (0/1) D:5            Lair (0/5) D:8
 Bailey (visited)
    Orc: D:9-12

Altars:
Ashenzari
Okawaru
Sif Muna
Uskayaw
Zin
The Shining One

Shops:
D:2 *

Annotations:
D:9 exclusion: obsidian statue
Abyss:1 Duvessa, Grinder, Joseph, Pikel


Innate Abilities, Weirdness & Mutations

You are completely covered in rugged brown scales. (AC +3, +7% HP)
Armour fits poorly on your strangely shaped body.
You have a long armoured tail.
You roll when moving toward enemies. (Rampage)
Your long tongue fully drains potion bottles. (2x potion effects)
Your tongue gives you trouble enunciating. (1.5x scroll delay)


Message History

The barbs in your skin will harm you if you move.
Continue? [Y]es or [N]o only, please.
The barbs in your skin will harm you if you move.
Continue?
The barbed spikes dig painfully into your body as you move.
The red devil hits you from afar with a +2 demon trident of draining.
Barbed spikes become lodged in your body.
You partially resist.
You feel drained. The chaos spawn completely misses you.
You hit the obsidian statue.
Space warps around the obsidian statue.
The obsidian statue is lightly damaged.
The obsidian statue's eyes glow briefly.
You hit the obsidian statue.
Space warps horribly around the obsidian statue!!
You tail-slap the obsidian statue, but do no damage.
The obsidian statue is heavily damaged.
You block the sixfirhy's attack. The sixfirhy hits you.
The sixfirhy shocks you! The chaos spawn hits you!
The chaos spawn draws strength from your injuries!
The red devil hits you from afar with a +2 demon trident of draining!!
Barbed spikes become lodged in your body.
You partially resist.
You feel drained. The sixfirhy hits you.
* * * LOW HITPOINT WARNING * * *
The sixfirhy shocks you!
* * * LOW HITPOINT WARNING * * *
Okay, then.
You feel better.
You slurp down every last drop of the potion of curing!
The sixfirhy hits you but does no damage.
The red devil barely misses you. You block the shadow imp's attack.
The chaos spawn gores you!
* * * LOW HITPOINT WARNING * * *
You feel very mighty all of a sudden.
You slurp down every last drop of the potion of might!
The red devil hits you from afar with a +2 demon trident of draining!!
* * * LOW HITPOINT WARNING * * *
Barbed spikes become lodged in your body.
You partially resist.
You feel drained.
* * * LOW HITPOINT WARNING * * *
The shadow imp gestures at you. Pain shoots through your body!
You die...

############
###..........#######
##............'......
###..#8.8#......#######
*...#8...8#.......# #.
#.8..[..8..####.# #. *
#..358?.#..# #ยง# #. *
#.8.@/..8..# #.# #.
#.#8.448#..# #.# #.
,#..#8.8#...####.#####
,#..$.................
* #.#.............#####
,#.######.#.##########
# #............. , *
**###.########## , ...#


You could see an obsidian statue (mesmerising), a sixfirhy (summoned), a chaos
spawn (summoned), a red devil (summoned) and a shadow imp (summoned).

Vanquished Creatures
  A hydra (D:8)
  Erica (D:8)
  Maggie (D:8)
  Psyche (D:9)
  2 dream sheep (D:8)
  Sigmund (D:3)
  A shadow (D:9)
  2 vampires (D:9)
  8 yaks
  A steam dragon (D:8)
  An acid dragon (D:8)
  2 ice beasts
  A sky beast (D:6)
  A black bear (D:6)
  5 wolves
  A centaur (D:8)
  A phantom (D:5)
  A lemure (D:4)
  4 kobold brigands
  3 bullfrogs
  5 gnoll sergeants
  A scorpion (D:5)
  4 wights (D:8)
  Dowan (D:4)
  2 electric eels (D:8)
  9 hounds
  8 orc priests
  4 gnoll boudas (Bailey)
  2 jellies
  6 orc wizards
  A sleepcap (D:5)
  6 iguanas
  26 gnolls
  6 adders
  3 shadow imps
  4 white imps
  An ufetubus (D:6)
  A worm (D:2)
  3 dart slugs
  19 orcs
  5 ball pythons
  5 endoplasms
  3 giant cockroaches
  12 goblins
  6 hobgoblins
  2 jackals (D:1)
  3 kobolds (D:3)
  2 quokkas
  6 bats
  5 frilled lizards
  3 rats
203 creatures vanquished.

Vanquished Creatures (others)
  An adder (D:5)
1 creature vanquished.

Grand Total: 204 creatures vanquished

Notes
Turn   | Place    | Note
-------+----------+-------------------------------------------
     0 | D:1      | Shard1697 the Armataur Fighter began the quest for the Orb.
     0 | D:1      | Reached XP level 1. HP: 19/19 MP: 1/1
    50 | D:1      | Reached XP level 2. HP: 26/26 MP: 2/2
   406 | D:1      | Reached XP level 3. HP: 28/32 MP: 3/3
   865 | D:2      | Found a transporter.
   870 | D:2      | Found Kucocess's Assorted Antiques.
   872 | D:2      | Found a transporter.
   982 | D:2      | Reached XP level 4. HP: 39/39 MP: 4/4
  1376 | D:2      | Bought a scroll labelled DEEFER RIEGI for 30 gold pieces
  1376 | D:2      | Bought a scroll labelled CEEPPUCHOY for 30 gold pieces
  1376 | D:2      | Bought a scroll labelled SALAECV QAUBAT for 30 gold pieces
  1376 | D:2      | Bought a scroll labelled MOUVEQ TATU for 30 gold pieces
  2035 | D:3      | Reached XP level 5. HP: 44/44 MP: 5/5
  2044 | D:3      | Reached skill level 5 in Maces & Flails
  2195 | D:3      | Reached XP level 6. HP: 45/53 MP: 6/6
  2380 | D:3      | Found a broken altar of Ashenzari.
  2380 | D:3      | Noticed Sigmund
  2391 | D:3      | Killed Sigmund
  2636 | D:3      | Became a worshipper of Ashenzari the Shackled
  2781 | D:4      | Noticed Dowan
  2793 | D:4      | Killed Dowan
  2794 | D:4      | Reached XP level 7. HP: 55/59 MP: 7/7
  2837 | D:4      | Noticed Grinder
  2853 | D:4      | Banished Grinder
  2997 | D:4      | Noticed Duvessa
  2999 | D:4      | Banished Duvessa
  3034 | D:4      | Found a glowing silver altar of Zin.
  3124 | D:4      | Found a glowing golden altar of the Shining One.
  3783 | D:5      | Entered Level 5 of the Dungeon
  3786 | D:5      | Noticed Pikel
  3790 | D:5      | Reached skill level 3 in Fighting
  3881 | D:4      | Banished Pikel
  3882 | D:4      | Reached skill level 4 in Fighting
  3882 | D:4      | Reached XP level 8. HP: 41/71 MP: 8/8
  4092 | D:5      | Reached skill level 5 in Fighting
  4152 | D:5      | Reached * piety under Ashenzari
  4164 | D:5      | Found a staircase to the Ecumenical Temple.
  4695 | D:6      | Reached XP level 9. HP: 72/80 MP: 9/9
  4826 | D:6      | Reached skill level 6 in Fighting
  5552 | D:6      | Reached ** piety under Ashenzari
  5581 | D:7      | Found a flagged portal.
  5609 | Bailey   | Entered a bailey
  5639 | Bailey   | Reached skill level 7 in Fighting
  5865 | Bailey   | HP: 4/86 [gnoll sergeant/+0 halberd (14)]
  5878 | Bailey   | Reached skill level 8 in Fighting
  6629 | D:7      | Reached skill level 9 in Fighting
  6896 | D:7      | Found a hide-covered altar of Uskayaw.
  6896 | D:7      | Noticed Joseph
  6905 | D:7      | Banished Joseph
  7402 | D:8      | Reached XP level 10. HP: 93/100 MP: 10/10
  7498 | D:8      | Found an iron altar of Okawaru.
  7526 | D:8      | Noticed Maggie
  7539 | D:8      | Killed Maggie
  7540 | D:8      | Reached skill level 10 in Fighting
  7866 | D:8      | Found a staircase to the Lair.
  8101 | D:8      | Reached skill level 1 in Evocations
  8124 | D:8      | Reached skill level 1 in Axes
  8157 | D:8      | Noticed a two-headed hydra
  8167 | D:8      | Killed a two-headed hydra
  8168 | D:8      | Reached skill level 11 in Fighting
  8751 | D:8      | Found a shimmering blue altar of Sif Muna.
  8751 | D:8      | Identified Sif Muna's Compendium of Astrapomancy
  8751 | D:8      | Identified Sif Muna's Tractate on the Shift
  8751 | D:8      | Noticed Erica
  8752 | D:8      | Identified Sif Muna's Textbook on the Fifth Circle
  8762 | D:8      | Killed Erica
  8763 | D:8      | Reached XP level 11. HP: 89/112 MP: 11/11
  9203 | D:9      | Noticed Psyche
  9217 | D:9      | Killed Psyche
  9538 | D:9      | Noticed an obsidian statue
  9540 | D:9      | Found the +9 scales of the Dragon King {rPois rF+ rC+
                  | Will+}
  9549 | D:9      | Noticed a sixfirhy
  9551 | D:9      | HP: 3/108 [red devil/+2 demon trident of draining[an
                  | obsidian statue] (19)]
  9551 | D:9      | Killed from afar by a shadow imp

Illustrated notes

Levels and vault maps discovered:
D:1:      dpeg_arrival_orchard, layout_loops_cross
D:2:      layout_loops_corners, serial_shops, nicolae_shop_drivethru
D:3:      layout_basic, mainiacjoe_overflow_alcove_4,
          minmay_fractal_squares_diagonal_5, uniq_sigmund
D:4:      layout_basic, zin_treasury, mainiacjoe_overflow_boulevard,
          kennysheep_donut, hex_medium, uniq_grinder, uniq_duvessa
D:5:      layout_cave_pools, temple_fountains, uniq_pikel
D:6:      minmay_octagon_keep, layout_loops_cross, nicolae_eternal_life,
          minmay_misc_feat_rugged, mrwooster_statue_mirror
D:7:      layout_basic, lemuel_tele_altar, enter_bailey_3, uniq_joseph
D:8:      layout_loops_ring, mainiacjoe_overflow_surrounded_room,
          nicolae_sif_muna_little_library, erik_lair_island, hangedman_ranch,
          uniq_maggie, uniq_erica
D:9:      layout_basic, minmay_statue_bubble, uniq_psyche

Skill      XL: |  1  2  3  4  5  6  7  8  9 10 11 |
---------------+----------------------------------+-----
Maces & Flails | 2 3 4 5 7 9 |  9.7
Fighting       | 4 5 9 11 | 11.7
Evocations     | 4 |  4.9
Axes           | 3 4 |  4.0
Armour         | |  3.6
Shields        | |  3.2

Action                     |  1- 3 |  4- 6 |  7- 9 | 10-12 || total
---------------------------+-------+-------+-------+-------++-------
  Melee: Flail             |    93 |   105 |   225 |   171 ||   594
         Tailslap          |     7 |    10 |    22 |    24 ||    63
 Invoke: Curse Item        |       |       |     4 |       ||     4
  Evoke: Wand              |       |       |    10 |     4 ||    14
    Use: Scroll            |       |    10 |     5 |       ||    15
         Potion            |       |     1 |     4 |     2 ||     7
 Armour: Scale mail        |    70 |    37 |    78 |     2 ||   187
         Swamp dragon scal |       |       |       |    33 ||    33
  Dodge: Dodged            |    37 |    33 |   103 |    67 ||   240
  Block: Buckler           |    14 |    19 |    51 |    21 ||   105

Table legend: (Time is in decaauts)
 A = Elapsed time spent in this place.
 B = Non-inter-level travel time spent in this place.
 C = Inter-level travel time spent in this place.
 D = Time resting spent in this place.
 E = Time spent auto-exploring this place.
 F = Levels seen in this place.
 G = Mean time per level.
                   A        B        C        D        E       F      G
               +--------+--------+--------+--------+--------+-----+--------+
         Total |   9535 |   9202 |    333 |   1381 |   6220 |  10 |  953.5 |
       Dungeon |   8930 |   8597 |    333 |   1038 |   6150 |   9 |  992.2 |
        Bailey |    604 |    604 |      0 |    343 |     70 |   1 |  604.0 |
               +--------+--------+--------+--------+--------+-----+--------+

Top non-repeatable levels by time:
     D:8: 1510 daAuts
     D:7: 1348 daAuts
     D:4: 1218 daAuts
     D:2: 1116 daAuts
     D:6: 989 daAuts
     D:3: 919 daAuts
     D:1: 766 daAuts
  Bailey: 604 daAuts
     D:5: 597 daAuts
     D:9: 465 daAuts
